 Dungeon Crawl Stone Soup version 0.31-a0-963-ga325b2283a (webtiles) character file.

Game seed: 4576161863658683576

158 Dirtsage the Insei (level 5, -5/52 HPs)
             Began as an Octopode Shapeshifter on Oct 24, 2023.
             Killed by divine providence
             ... invoked by an orc priest
              (12 damage)
             ... on level 3 of the Dungeon.
             The game lasted 00:03:55 (1687 turns).

Dirtsage the Insei (Octopode Shapeshifter)          Turns: 1687, Time: 00:03:55

Health: -5/52      AC: 22    Str: 13    XL:     5   Next: 40%
Magic:  5/5        EV:  2    Int: 13    God:
Gold:   107        SH:  0    Dex: 13    Spells: 4/4 levels left

rFire   . .          .
                       - Unarmed
rCold   . . .        (no shield)
rNeg    . . .        (helmet currently unavailable)
rPois   +            (no amulet)
rElec   .            l - ring of willpower
rCorr   .            (no ring)
SInv    .            (no ring)
Will    ++...        (no ring)
Stlth   +            (no ring)
HPRegen 0.28/turn    (no ring)
MPRegen 0.09/turn    (no ring)
                     (no ring)

%: no passive effects
@: mighty, tree-form, enlightened
A: stationary, stasis, torment immunity, boosted hp, almost no armour,
(amphibious), 8 rings, (camouflage 1), (gelatinous body 1), (nimble swimmer 1),
(tentacles)
a: no special abilities


You were on level 3 of the Dungeon.
You were a tree.
You visited 1 branch of the dungeon, and saw 3 of its levels.

You collected 107 gold pieces.

Inventory:

Jewellery
 l - a ring of willpower (left branch)
Talismans
 b - a beast talisman
 c - a flux talisman
 i - a serpent talisman
Wands
 o - a wand of paralysis (10)
Scrolls
 e - 3 scrolls of identify {unknown}
 f - 2 scrolls of fog {unknown}
 g - a scroll of revelation {unknown}
 h - a scroll of torment {unknown}
 j - a scroll of noise {unknown}
 k - a scroll of blinking {unknown}
 m - a scroll of acquirement {unknown}
 p - a scroll of vulnerability {unknown}
Potions
 d - a potion of might
 n - a potion of curing {unknown}


   Skills:
 + Level 2.6 Fighting
 + Level 3.1 Dodging
 + Level 3.9 Unarmed Combat
 + Level 3.7 Shapeshifting


You had 4 spell levels left.
You didn't know any spells.
Your spell library contained the following spells:

 Spells                   Type           Power      Damage    Failure   Level
 Apportation              Tloc           0%         N/A       30%         1
 Necrotise                Necr           0%         1d4       30%         1
 Summon Small Mammal      Summ           0%         N/A       30%         1


Dungeon Overview and Level Annotations

Branches:
Dungeon (3/15)

Altars:


Innate Abilities, Weirdness & Mutations

You are a tree.
Your roots penetrate the ground, keeping you stationary.
You cannot be teleported.
You are immune to unholy pain and torment.
Your maximum health is greatly increased.
You cannot wear most types of armour.
((You are amphibious.))
You can wear up to eight rings at the same time.
((Your skin changes colour to match your surroundings (Stealth+).))
((Your rubbery body absorbs attacks. (AC +1, EV +1)))
((You are camouflaged when in or above water. (Stealth+)))
((You have tentacles for arms and can constrict up to eight enemies at once.))


Message History

Ijyb is almost dead.
You constrict Ijyb.
The helpless Ijyb fails to defend herself.
You tentacle-slap Ijyb but do no damage.
You tentacle-slap Ijyb.
You kill Ijyb!
You tentacle-slap the orc. You grab the orc. You squeeze the orc.
You kill the orc!
The orc priest mumbles some strange prayers to Beogh against you.
Beogh smites you!
You take 8 damage, and have 11/35 hp.
MASSIVE DAMAGE!!
You tentacle-slap something.
You hear some strange, mumbled words.
You are confused.
You miss something. Your squeeze misses something. Something hits you.
* * * LOW HITPOINT WARNING * * *
You take 3 damage, and have 8/35 hp.
You bump into the rock wall.
Something hits you.
* * * LOW HITPOINT WARNING * * *
You take 4 damage, and have 4/35 hp.
You bump into the rock wall.
Something completely misses you.
You bump into the rock wall.
Something hits you.
* * * LOW HITPOINT WARNING * * *
It was a potion of might.
You feel very mighty all of a sudden.
d - a potion of might;
j - a scroll labelled BETUDGH XE XEOS You hear some strange, mumbled words.
Something tries to affect you, but you resist.
Your transformation has ended.
You turn into a tree.
Your roots penetrate the ground.
You feel less confused. Something hits you but does no damage.
You now have 6/52 hp.
It was a potion of enlightenment.
Your roots keep you in place.
Something hits you but does no damage.
You miss something. Something hits you but does no damage.
You closely miss something.
The orc priest mumbles some strange prayers to Beogh against you.
Beogh smites you!
You die...

#### #... ###.#
##############...##
..................#
.#########.........##
###.### ###............#####
#.....###.#.#.####..........
##.###.#..#.....♣{o.#.)..###
.<.#
#..#.##.#.###.#.##..####
##.###...#
##..###.#......o..
#†....#.###..........).o####
###.###..#.##.###.#####.#
#.......###.....# #
#.###.#.# #.##### #.#
#.#.....# ..# #.#.#.###


You could see an orc priest.

Vanquished Creatures
  Jessica (D:3)
  Ijyb (D:3)
  3 adders
  2 dart slugs (D:1)
  3 orcs (D:3)
  4 bats
  8 endoplasms
  3 giant cockroaches (D:1)
  6 goblins
  5 hobgoblins
  8 jackals
  4 quokkas
  8 ball pythons
  3 frilled lizards (D:1)
  2 kobolds
  8 rats
69 creatures vanquished.

Notes
Turn   | Place    | Note
-------+----------+-------------------------------------------
     0 | D:1      | Dirtsage the Octopode Shapeshifter began the quest for the
                  | Orb.
     0 | D:1      | Reached XP level 1. HP: 13/13 MP: 1/1
    63 | D:1      | Reached XP level 2. HP: 17/18 MP: 2/2
   204 | D:1      | Reached XP level 3. HP: 22/23 MP: 3/3
   880 | D:2      | Reached XP level 4. HP: 28/29 MP: 4/4
   920 | D:2      | Found a faded altar of an unknown god.
  1506 | D:3      | Noticed Jessica
  1514 | D:3      | Killed Jessica
  1515 | D:3      | Reached XP level 5. HP: 27/35 MP: 5/5
  1656 | D:3      | Noticed Ijyb
  1676 | D:3      | Killed Ijyb
  1687 | D:3      | Killed from afar by an orc priest

Illustrated notes

Levels and vault maps discovered:
D:1:      ebering_trefoil_twist, layout_loops_ring
D:2:      layout_basic, shapermc_ecumenical_altar_acropolis, grunt_ministairs_4
D:3:      layout_loops_ring, trog_antimagical, uniq_ijyb, uniq_jessica,
          uniq_natasha

Skill      XL: |  1  2  3  4 |
---------------+-------------+-----
Fighting       | 2 |  2.6
Dodging        | 3 |  3.1
Unarmed Combat | |  3.9
Shapeshifting  | |  3.7

Action                     |  1- 3 |  4- 6 || total
---------------------------+-------+-------++-------
  Melee: Unarmed           |    84 |    52 ||   136
         Constrict         |    24 |    15 ||    39
         Tentacles         |    12 |    12 ||    24
         Punch             |     4 |     3 ||     7
  Evoke: Wand              |       |     3 ||     3
    Use: Potion            |       |     3 ||     3
   Stab: Sleeping          |     9 |     2 ||    11
         Paralysed         |       |     5 ||     5
 Armour: Skin              |    25 |    21 ||    46
  Dodge: Dodged            |    50 |    22 ||    72

Table legend: (Time is in decaauts)
 A = Elapsed time spent in this place.
 B = Non-inter-level travel time spent in this place.
 C = Inter-level travel time spent in this place.
 D = Time resting spent in this place.
 E = Time spent auto-exploring this place.
 F = Levels seen in this place.
 G = Mean time per level.
                   A        B        C        D        E       F      G
               +--------+--------+--------+--------+--------+-----+--------+
         Total |   1676 |   1607 |     69 |      0 |   1240 |   3 |  558.7 |
       Dungeon |   1676 |   1607 |     69 |      0 |   1240 |   3 |  558.7 |
               +--------+--------+--------+--------+--------+-----+--------+

Top non-repeatable levels by time:
     D:1: 746 daAuts
     D:2: 697 daAuts
     D:3: 232 daAuts
